 Dungeon Sprint DCSS version 0.17-a0-1804-gf6433eb (webtiles) character file.

67 nuthulu the Chopper (level 3, -1/55 HPs)
             Began as a Minotaur Berserker on Sept 11, 2015.
             Was a Priest of Trog.
             Slain by a water elemental (6 damage)
             ... in the Dungeon (Sprint III: "The Ten Rune Challenge").
             The game lasted 00:01:23 (297 turns).

nuthulu the Chopper (Minotaur Berserker)             Turns: 297, Time: 00:01:23

Health: -1/55      AC:  2    Str: 26    XL:     3   Next: 98%
Magic:  2/2        EV: 13    Int:  4    God:    Trog [***...]
Gold:   24         SH:  0    Dex: 10    Spells: 0 memorised, 2 levels left

rFire  . . .     SeeInvis .     a - +0 hand axe
rCold  . . .     Clarity  .     b - +0 animal skin
rNeg   . . .     SustAt   .     (no shield)
rPois  .         Gourm    .     (helmet restricted)
rElec  .         Spirit   .     (no cloak)
rCorr  .         Warding  .     (no gloves)
rMut   .         NoTele   +     (no boots)
MR     .....                    (no amulet)
Stlth  ..........               (no ring)
                                (no ring)

@: berserking, engulfed (cannot breathe), very quick, not resistant to hostile
enchantments, extremely unstealthy
A: retaliatory headbutt, horns 2
a: Burn Spellbooks, Berserk, Trog's Hand, Renounce Religion


You were in the Dungeon.
You worshipped Trog.
Trog was most pleased with you.
You were not hungry.

You visited 1 branch You collected 24 gold pieces.

Inventory:

Hand weapons
 a - a +0 hand axe (weapon)
Armour
 b - a +0 animal skin (worn)
Magical devices
 k - a wand of enslavement (10)
Scrolls
 i - a scroll of blinking
 j - 2 scrolls of remove curse
Potions
 d - a potion of curing
 e - 2 potions of heal wounds
 f - a potion of haste
 g - 2 potions of magic
 h - a potion of berserk rage
 q - 2 potions of cure mutation
 u - a potion of flight {unknown}
Comestibles
 c - a bread ration
 l - 2 chunks of flesh
 p - a royal jelly
 t - 3 fruits


   Skills:
 + Level 5.7 Fighting
 + Level 5.9 Axes
 + Level 5.1 Armour
 + Level 4.8 Dodging


You had 2 spell levels left.
You didn't know any spells.

Dungeon Overview and Level Annotations

Branches:
Dungeon (1/1)

Altars:


Innate Abilities, Weirdness & Mutations

You reflexively headbutt those who attack you in melee.
You have a pair of horns on your head.


Message History

A water elemental comes into view.
The water elemental moves out of view.
The water elemental hits you!
There is an open door to the Ecumenical Temple, spattered with blood here.
Use which ability?
A red film seems to cover your vision as you go berserk!
You feel yourself moving faster!
You feel mighty!
You feel somewhat more hungry. The water elemental hits you!!
Some of the chunks of flesh in your inventory have rotted away.
You barely miss the water elemental. The water elemental hits you!
* * * LOW HITPOINT WARNING * * *
The water elemental engulfs you in water!
You barely miss the water elemental.
* * * LOW HITPOINT WARNING * * *
Your lungs strain for air!
You barely miss the water elemental.
* * * LOW HITPOINT WARNING * * *
Your lungs strain for air!
The water elemental hits you.
You die...

▓▓▓▓▓▓▓▓▓▓▓ ▓▓▓
.#..'...♣.♣ ♣.#
.#..#.....♣♣ ♣♣.#
'####....♣.♣ ♣..#
....#....≈.♣♣♣..###+#+##
....#...≈≈♣..♣♣.#.......
....#..≈≈≈≈♣♣♣..@.⌠.....
###'#..≈≈≈≈≈≈♣♣.#E..####
.)..#.≈≈≈≈≈≈....#.⌠.#
....#.≈≈≈≈≈.....#...#
....#.≈≈≈.......#+###
#####...........#
................#
▓▓▓▓▓▓▓▓▓▓▓▓▓▓▓▓▓


You could see a water elemental.

Vanquished Creatures
  Jessica (D)
  A human (D)
  A wolf (D)
  An ooze (D)
  2 rats (D)
6 creatures vanquished.

Vanquished Creatures (others)
  2 draconian scorchers (D)
  A yaktaur (D)
3 creatures vanquished.

Grand Total: 9 creatures vanquished

Notes
Turn   | Place    | Note
--------------------------------------------------------------
     0 | D        | nuthulu the Minotaur Berserker began the quest for the Orb.
     0 | D        | Reached XP level 1. HP: 19/19 MP: 0/0
     7 | D        | Reached skill level 4 in Fighting
    43 | D        | Killed a yaktaur
    88 | D        | Noticed Jessica
    89 | D        | Acquired Trog's second power
    93 | D        | Killed Jessica
    93 | D        | Reached skill level 5 in Fighting
    93 | D        | Reached skill level 5 in Axes
    93 | D        | Reached XP level 2. HP: 29/29 MP: 1/1
    93 | D        | Reached XP level 3. HP: 36/36 MP: 2/2
   136 | D        | Noticed a wolf
   139 | D        | Killed a wolf
   180 | D        | Reached skill level 5 in Armour
   187 | D        | Killed a white draconian scorcher
   196 | D        | Killed a white draconian scorcher
   242 | D        | Gained mutation: You are partially covered in yellow scales (AC +2). [potion of mutation]
   242 | D        | Gained mutation: Scrolls take you a little longer to read. [potion of mutation]
   242 | D        | Gained mutation: You have a pair of large horns on your head. [potion of mutation]
   243 | D        | Gained mutation: Your natural rate of healing is unusually fast. [potion of mutation]
   243 | D        | Gained mutation: You are partially covered in molten scales (AC +1). [potion of mutation]
   243 | D        | Lost mutation: You have a pair of large horns on your head. [potion of mutation]
   244 | D        | Gained mutation: You have a pair of large horns on your head. [potion of mutation]
   244 | D        | Gained mutation: You are weak. (Str -2) [potion of mutation]
   245 | D        | Gained mutation: Your magical capacity is low (-10% MP). [potion of mutation]
   245 | D        | Gained mutation: You are clumsy. (Dex -2) [potion of mutation]
   245 | D        | Gained mutation: You can translocate small distances at will. [potion of mutation]
   246 | D        | Lost mutation: Your magical capacity is low (-10% MP). [potion of cure mutation]
   246 | D        | Lost mutation: Your natural rate of healing is unusually fast. [potion of cure mutation]
   246 | D        | Lost mutation: You are clumsy. (Dex -2) [potion of cure mutation]
   246 | D        | Lost mutation: You have a pair of large horns on your head. [potion of cure mutation]
   246 | D        | Lost mutation: You can translocate small distances at will. [potion of cure mutation]
   247 | D        | Lost mutation: Scrolls take you a little longer to read. [potion of cure mutation]
   247 | D        | Lost mutation: You are partially covered in yellow scales (AC +2). [potion of cure mutation]
   247 | D        | Lost mutation: You are weak. (Str -2) [potion of cure mutation]
   247 | D        | Lost mutation: You are partially covered in molten scales (AC +1). [potion of cure mutation]
   292 | D        | Noticed a water elemental
   297 | D        | Slain by a water elemental

Vault maps used:
D:        dungeon_sprint_mu

Action                   || total
-------------------------++-------
Melee: Hand axe          ||    17
Invok: Berserk           ||     3
  Use: Potion            ||     6
       Scroll            ||     5
